Map: [ESL] Ancient Cistern

Players

Elazer - Winner!

  • Race: Zerg Zerg
  • Spawn Location: 1:00

Clem

  • Race: Terran Terran
  • Spawn Location: 7:00

Event: ESL SC2 Masters 2023 Summer (Regionals)

VOD

Have the link to the VOD?

Description

Time

  • Played on: May 19, 2023, 12:54 p.m.
  • Length: 13:23

All games in this series

Show
View Real Time Build Order
Export as new Build Order

Elazer Zerg - Winner!

Build Orders: Hatch First 

Get SALT Encoding   

  12  0:00  Drone  
  13  0:12  Overlord  
  13  0:17  Drone  
  14  0:30  Drone x2  
  16  0:48  Hatchery  
  15  0:51  Drone  
  15  0:55  Drone  
  17  0:58  Drone  
  18  1:09  Extractor  
  17  1:13  Spawning Pool  
  17  1:16  Drone  
  17  1:20  Drone  
  18  1:27  Drone  
  19  1:38  Drone  
  20  1:49  Drone  
  21  2:00  Queen x2  
  21  2:01  Zergling x4  
  27  2:10  Drone  
  27  2:11  Overlord, Metabolic Boost  
  28  2:31  Spore Crawler  
  28  2:32  Hatchery  
  28  2:33  Drone  
  28  2:36  Drone  
  28  2:39  Drone  
  28  2:41  Drone  
  31  2:45  Queen  
  31  2:50  Overlord  
  33  2:58  Drone x3  
  36  3:06  Overlord  
  36  3:09  Drone x3  
  36  3:10  Drone  
  40  3:18  Queen  
  42  3:21  Queen  
  44  3:27  Drone x2  
  44  3:28  Zergling x2  
  44  3:32  Overlord  
  47  3:41  Drone x2  
  48  3:42  Drone x2  
  48  3:43  Drone  
  48  3:44  Queen  
  54  3:49  Overlord  
  54  3:53  Queen  
  58  3:55  Drone x2  
  58  3:57  Drone  
  58  3:59  Drone x2  
  61  4:07  Drone  
  61  4:08  Drone x3  
  65  4:16  Zergling x4  
  65  4:17  Zergling x2  
  68  4:18  Overlord  
  68  4:19  Queen  
  70  4:26  Drone x4  
  70  4:27  Lair  
  74  4:36  Queen  
  76  4:41  Drone x6  
  81  4:46  Overlord  
  81  4:49  Extractor  
  81  4:51  Baneling Nest  
  81  4:52  Zergling x4  
  81  4:54  Overlord  
  81  5:05  Zergling x8  
  81  5:07  Overlord  
  85  5:10  Zergling x4  
  86  5:17  Drone x6  
  88  5:27  Drone x2  
  88  5:31  Drone x3  
  88  5:32  Drone  
  84  5:37  Drone x2, Centrifugal Hooks  
  84  5:41  Evolution Chamber x2  
  84  5:42  Drone x4  
  85  5:44  Hatchery  
  85  5:47  Hatchery  
  85  5:48  Overseer  
  83  5:52  Drone x5  
  83  5:55  Extractor x2  
  83  5:56  Extractor  
  85  5:57  Drone  
  85  6:02  Overlord  
  86  6:04  Drone x2  
  86  6:08  Zerg Melee Weapons Level 1  
  88  6:19  Zergling x16  
  88  6:22  Drone  
  88  6:24  Hatchery  
  96  6:27  Zerg Ground Armor Level 1  
  96  6:31  Zergling x10  
  101  6:36  Zergling x2  
  101  6:39  Overlord, Overseer  
  102  6:40  Zergling x8  
  102  6:47  Overlord x3  
  106  6:50  Baneling x5  
  106  6:51  Baneling x2  
  106  6:57  Zergling x10  
  110  7:04  Drone x6  
  116  7:10  Zergling x2  
  116  7:11  Zergling x10  
  116  7:13  Pneumatized Carapace  
  116  7:14  Burrow  
  122  7:17  Zergling x2  
  122  7:28  Drone x4  
  126  7:30  Spore Crawler  
  126  7:33  Zergling x24  
  137  7:43  Overlord x3  
  136  7:45  Extractor  
  136  7:46  Hydralisk Den, Drone x6  
  140  7:55  Zergling x20  
  142  8:03  Zergling x20  
  146  8:07  Baneling x11  
  146  8:08  Zerg Missile Weapons Level 1  
  146  8:11  Zergling x2  
  146  8:12  Zergling x8  
  151  8:18  Zergling x10, Muscular Augments  
  151  8:19  Baneling x5  
  156  8:20  Baneling, Overseer  
  156  8:29  Spore Crawler  
  156  8:32  Hydralisk x10  
  156  8:33  Hydralisk  
  175  8:41  Zergling x10  
  179  8:42  Overlord x2  
  179  8:43  Overlord  
  179  8:45  Zerg Ground Armor Level 2  
  177  9:00  Overlord  
  177  9:01  Zergling x30  
  192  9:09  Hydralisk x4  
  180  9:24  Zergling x38  
  180  9:25  Zergling x2  
  196  9:33  Hydralisk x2  
  180  9:40  Zergling x22  
  180  9:41  Zergling x4  
  180  9:44  Grooved Spines  
  188  9:50  Zergling x4  
  188  9:51  Zergling x14  
  190  10:07  Zergling x28  
  195  10:15  Baneling x32  
  195  10:16  Baneling x11  
  194  10:32  Zergling x20  
  182  10:46  Zergling x32  
  195  10:56  Queen  
  197  10:57  Zerg Melee Weapons Level 2  
  197  11:01  Zerg Missile Weapons Level 2  
  197  11:04  Spore Crawler, Baneling  
  197  11:05  Baneling x18  
  190  11:12  Overseer x2  
  190  11:13  Zergling x2  
  190  11:14  Zergling x20  
  177  11:31  Zergling x40  
  172  11:40  Zergling x12  
  168  11:51  Zergling x28  
  166  11:56  Hydralisk  
  166  11:57  Hydralisk x2  
  166  12:01  Baneling x10  
  169  12:02  Hydralisk  
  169  12:03  Hydralisk x2  
  174  12:13  Zergling x12  
  155  12:30  Zergling x38  
  155  12:37  Hydralisk x4  
  158  12:42  Zergling x8  
  162  12:50  Zergling x8  
  166  12:54  Zergling x10  
  166  12:57  Hatchery  
  170  13:00  Baneling x14  
  170  13:05  Overlord  
  186  13:06  Overseer  
Show
View Real Time Build Order
Export as new Build Order

Clem Terran 

Build Orders: Liberator Opening, Reaper Expand 

Get SALT Encoding   

  12  0:00  SCV  
  13  0:12  SCV  
  14  0:16  Supply Depot  
  14  0:24  SCV  
  15  0:38  SCV, Barracks  
  15  0:42  Refinery  
  16  0:50  SCV  
  17  1:02  SCV  
  18  1:14  SCV  
  19  1:26  Reaper, Orbital Command  
  20  1:39  Command Center  
  20  1:47  Supply Depot  
  20  1:52  SCV  
  21  1:58  Marine  
  22  2:04  SCV  
  23  2:10  Factory  
  23  2:16  SCV  
  23  2:19  Barracks Reactor  
  24  2:28  SCV  
  25  2:38  Command Center  
  25  2:41  SCV  
  26  2:51  Orbital Command  
  26  2:53  SCV  
  27  3:00  Starport  
  27  3:05  SCV  
  28  3:07  Hellion  
  28  3:12  Hellion  
  32  3:14  Refinery  
  32  3:17  SCV  
  32  3:19  SCV  
  34  3:29  SCV  
  34  3:30  Hellion  
  34  3:31  SCV  
  34  3:33  Hellion  
  40  3:34  Marine  
  40  3:41  Liberator  
  41  3:42  SCV  
  41  3:44  SCV  
  46  3:50  Orbital Command  
  46  3:53  Hellion  
  46  3:54  SCV  
  46  3:55  Hellion  
  51  3:57  SCV  
  51  3:59  Barracks Tech Lab  
  52  4:04  Supply Depot  
  52  4:07  SCV  
  52  4:09  SCV  
  54  4:15  Hellion  
  54  4:17  SCV, Hellion, Stimpack  
  58  4:19  SCV  
  58  4:21  SCV  
  61  4:28  Supply Depot, Barracks  
  61  4:30  Barracks  
  62  4:34  SCV, Starport Reactor  
  62  4:36  SCV, Orbital Command  
  62  4:37  Refinery, Marine  
  64  4:39  Refinery  
  64  4:46  Factory Tech Lab  
  64  4:47  Engineering Bay, SCV  
  64  4:49  SCV  
  64  4:50  Engineering Bay  
  66  4:55  Marine  
  66  4:59  SCV  
  68  5:01  SCV  
  68  5:04  SCV, Supply Depot  
  70  5:11  SCV  
  70  5:13  SCV, Barracks  
  72  5:14  Barracks  
  72  5:16  SCV, Siege Tank  
  72  5:19  Starport Reactor  
  72  5:21  Marine  
  74  5:23  SCV  
  74  5:24  Terran Infantry Weapons Level 1  
  74  5:25  SCV  
  74  5:27  Marine x2  
  71  5:29  SCV, Marine  
  71  5:30  Marine  
  68  5:35  SCV  
  68  5:38  Marine  
  68  5:42  SCV  
  69  5:44  SCV  
  69  5:45  Supply Depot, Marine x2  
  69  5:47  Marine  
  69  5:48  Siege Tank  
  69  5:49  Supply Depot  
  75  5:50  SCV  
  75  5:51  Marine  
  75  5:54  SCV  
  75  5:56  SCV, Marine, Medivac  
  81  5:59  Supply Depot  
  81  6:01  Terran Infantry Armor Level 1  
  81  6:02  Marine  
  81  6:03  SCV, Marine  
  84  6:06  SCV, Combat Shield  
  84  6:08  SCV  
  85  6:11  Marine  
  85  6:12  Supply Depot  
  85  6:15  SCV, Refinery, Marine  
  85  6:17  Barracks Reactor x2  
  88  6:18  SCV  
  88  6:20  SCV  
  88  6:22  Supply Depot  
  88  6:24  Marine  
  88  6:25  Marine, Factory  
  92  6:27  SCV  
  92  6:30  SCV  
  94  6:32  Medivac  
  94  6:34  SCV  
  94  6:35  Supply Depot, Marine  
  94  6:36  Marine x2  
  100  6:41  Command Center  
  100  6:45  Siege Tank  
  103  6:49  Supply Depot  
  103  6:51  Refinery, Marine x2  
  103  6:53  Armory  
  105  6:54  Marine x5  
  105  6:58  Medivac  
  112  7:01  Supply Depot  
  112  7:03  Marine  
  112  7:05  Medivac  
  115  7:09  SCV x3  
  115  7:10  Supply Depot  
  115  7:11  Factory Reactor  
  115  7:12  Marine x4  
  115  7:14  Supply Depot, Marine x2  
  124  7:21  Marine x2  
  124  7:22  Marine  
  126  7:24  Widow Mine  
  126  7:27  Supply Depot  
  128  7:30  Marine x3, Medivac  
  128  7:35  Medivac  
  128  7:36  Supply Depot, Marine  
  136  7:39  Drilling Claws  
  136  7:44  Marine x3  
  136  7:47  Supply Depot  
  136  7:49  Marine  
  136  7:51  Widow Mine x2  
  144  7:52  Widow Mine  
  144  7:53  Marine  
  144  7:55  Marine  
  144  7:57  Marine  
  148  8:00  Medivac  
  148  8:04  Marine x5  
  155  8:05  SCV  
  155  8:06  Marine  
  155  8:07  Terran Infantry Weapons Level 2  
  155  8:08  SCV  
  155  8:09  Terran Infantry Armor Level 2  
  155  8:11  Marine  
  155  8:12  SCV, Widow Mine x2  
  163  8:17  SCV, Marine  
  165  8:25  SCV, Barracks  
  166  8:27  SCV, Barracks  
  166  8:30  Barracks  
  166  8:33  Medivac  
  168  8:36  Widow Mine x2  
  168  8:39  Planetary Fortress  
  172  8:42  SCV x2  
  172  8:43  Marauder  
  172  8:45  SCV  
  177  8:48  Terran Vehicle And Ship Armor Level 1  
  177  8:51  Widow Mine  
  177  8:52  Sensor Tower  
  179  8:57  Widow Mine  
  179  8:58  Medivac  
  179  9:02  Marine x2  
  185  9:05  Marauder, SCV  
  185  9:07  Command Center  
  186  9:17  SCV x2  
  186  9:20  Widow Mine, Command Center  
  186  9:21  Marine x3  
  186  9:22  Barracks Tech Lab x3  
  186  9:32  Refinery x2  
  186  9:33  Marauder  
  183  9:40  Widow Mine  
  183  9:44  Marauder x2, Widow Mine  
  183  9:46  Marine  
  183  9:47  Sensor Tower  
  183  9:49  Marine  
  185  9:54  Marauder x2, Marine x3  
  185  9:58  Command Center  
  185  9:59  Widow Mine  
  194  10:01  Command Center  
  194  10:02  Widow Mine, Medivac  
  194  10:06  Marauder x2  
  197  10:08  SCV  
  197  10:10  SCV  
  197  10:11  SCV  
  188  10:25  Marauder x2  
  188  10:27  Terran Infantry Armor Level 3, Terran Infantry Weapons Level 3, Ghost Academy  
  192  10:35  Marauder  
  187  10:36  Widow Mine, Marine  
  187  10:41  Widow Mine, Marine x2  
  187  10:42  Marine  
  170  10:43  Marine  
  170  10:44  Widow Mine, Marine  
  170  10:45  Marine x2  
  170  10:46  Medivac x2  
  170  10:48  Marauder x3  
  182  10:53  Terran Vehicle And Ship Armor Level 2  
  182  10:54  Marine  
  182  10:55  Orbital Command  
  182  10:56  Marine  
  182  10:59  Marine  
  182  11:03  SCV  
  184  11:09  Ghost x2, Widow Mine  
  184  11:10  Widow Mine  
  186  11:12  Ghost  
  186  11:14  Orbital Command  
  186  11:16  Widow Mine, Marine  
  185  11:20  Marauder, Marine  
  185  11:21  Marine  
  185  11:24  Marine x2  
  185  11:25  Marine x2  
  180  11:28  Marine  
  180  11:31  Widow Mine  
  151  11:33  Marine, Medivac  
  151  11:36  SCV, Orbital Command  
  151  11:37  Siege Tank, Marine  
  151  11:38  Marine x2  
  153  11:41  Marine  
  153  11:42  Marine x2  
  153  11:44  Widow Mine, Medivac  
  153  11:45  Marine  
  153  11:46  Marine  
  155  11:49  Marine  
  155  11:53  Marine  
  155  11:54  SCV  
  139  11:55  Marine  
  139  11:56  SCV x3  
  139  11:58  Marine  
  139  12:00  SCV  
  138  12:03  Medivac, Orbital Command  
  138  12:05  SCV  
  138  12:07  Widow Mine  
  138  12:08  Widow Mine, Marine  
  146  12:09  Marine  
  146  12:12  SCV x2  
  148  12:16  Siege Tank  
  148  12:17  SCV  
  152  12:23  Marine  
  152  12:24  Marine  
  152  12:26  Marine x2  
  152  12:29  SCV x4, Widow Mine  
  148  12:31  Marine  
  148  12:32  SCV, Marine  
  148  12:33  Marine  
  148  12:35  Marine  
  148  12:37  Marine  
  124  12:38  SCV  
  124  12:42  Marine  
  125  12:45  Marine x2  
  125  12:47  Marine  
  125  12:48  SCV  
  125  12:49  SCV, Marine  
  131  12:51  Marine x2  
  131  12:52  SCV  
  131  12:53  Factory Reactor  
  134  13:00  Marine  
  134  13:01  Marine x2  
  134  13:03  SCV  
  141  13:09  SCV  
Tags
 
Add a new tag
Caveats
  • Supply blocks, unpowered buildings, or Contaminate may cause inaccurate times.
  • Supply counts are checked every 10 seconds.